 Dungeon Crawl Stone Soup version 0.22-a0-247-gbddf880 (webtiles) character file.

1908 Gorglomux the Fighter (level 8, -2/75 HPs)
             Began as a Minotaur Warper on Feb 26, 2018.
             Killed from afar by torrenera's ghost (14 damage)
             ... with a shard of ice
             ... on level 6 of the Dungeon.
             The game lasted 00:05:32 (6089 turns).

Gorglomux the Fighter (Minotaur Warper)             Turns: 6089, Time: 00:05:33

Health: -2/75      AC:  7    Str: 19    XL:     8   Next: 94%
Magic:  9/9        EV: 11    Int: 10    God:
Gold:   100        SH:  0    Dex:  9    Spells: 9/9 levels left

rFire    . . .     SeeInvis .   a - +0 hand axe
rCold    + . .     Gourm    .   (no shield)
rNeg     . . .     Faith    .   Z - +0 troll leather armour {Purgy}
rPois    .         Spirit   .   (helmet restricted)
rElec    .         Reflect  .   U - +0 cloak
rCorr    .         Harm     .   P - +0 pair of gloves
MR       .....                  (no boots)
Stlth    +.........             r - amulet of regeneration
HPRegen  1.02/turn              c - ring of protection from cold
MPRegen  0.11/turn              (no ring)

@: heavily drained
A: retaliatory headbutt, horns 2
a: no special abilities


You were on level 6 of the Dungeon.
You were near starving.

You visited 1 branch of the dungeon, and saw 6 of its levels.

You collected 383 gold pieces.
You spent 283 gold pieces at shops.

Inventory:

Hand Weapons
 a - a +0 hand axe (weapon)
Missiles
 e - 5 tomahawks of dispersal (quivered)
 Y - 6 tomahawks
Armour
 P - a +0 pair of gloves (worn)
 U - a +0 cloak (worn)
 Z - a +0 troll leather armour (worn) {Purgy}
Jewellery
 c - a ring of protection from cold (left hand)
 r - an amulet of regeneration (around neck)
 V - an uncursed amulet of faith
Wands
 D - a wand of digging (11)
Scrolls
 z - a scroll of enchant weapon {unknown}
 B - 3 scrolls of blinking
 E - 2 scrolls of remove curse {unknown}
 G - a scroll of random uselessness {unknown}
 H - a scroll of fear {unknown}
 J - a scroll of noise {unknown}
 K - a scroll of amnesia {unknown}
 M - 2 scrolls of magic mapping
 T - 3 scrolls of teleportation
 W - a scroll of vulnerability {unknown}
Potions
 A - a potion of flight {unknown}
 C - 2 potions of might
 I - a potion of lignification
 L - a potion of brilliance {unknown}
 N - 2 potions of ambrosia
 O - a potion of agility {unknown}
 Q - a potion of magic {unknown}
 S - a potion of berserk rage {unknown}
 X - 3 potions of curing {unknown}
Comestibles
 F - 19 rations


   Skills:
 + Level 8.4(5.3) Fighting
 + Level 8.4(5.3) Axes
 - Level 1.0(0.0) Throwing
 + Level 8.0(5.0) Armour
 - Level 2.1(0.0) Dodging
 - Level 1.3(0.0) Spellcasting
   Level 2.1(0.0) Translocations


You had 9 spell levels left.
You didn't know any spells.

Dungeon Overview and Level Annotations

Branches:
Dungeon (6/15)
 Temple: D:4-7

Altars:
Cheibriados
Elyvilon
Hepliaklqana
Uskayaw
Wu Jian
Xom

Shops:
D:5 *

Annotations:
D:6 torrenera's ghost, novice VSIE


Innate Abilities, Weirdness & Mutations

You reflexively headbutt those who attack you in melee.
You have a pair of horns on your head.


Message History

Unknown command!
You closely miss torrenera's ghost!
Torrenera's ghost is moderately damaged!
Torrenera's ghost gestures at you while chanting!
The shard of ice misses you!
Torrenera'butts ghost hits butt! * * * don't die
* * * You see here a halberd!
Torrenera's butt points at butt and butts some strange words!
The shard of ice hits you!!! You partially resist! * * * don't die
* * *
There is a shimmering altar of Xom here!
Torrenera's ghost wails!
You see here a spear!
Evoke which item? (* to butt all) (? for menu, Esc to quit)
Okay, then!
Okay, then!
Torrenera's ghost points at you and mumbles some strange words!
The shard of ice hits you!!! You partially resist! rip

#....##.#...####.
#.##.##.#........
#####.##.##.#..#####.
#......#.##.#........
#.######.##..........
#.#....#.###.#.##...)
#.#....#...........##
#.#........(...##.###
#...@...W).._........
#<#..............).##
#)#....###.....#...##
#.#....###..##.#...#.
#.............>......
##############.#.#.#.
#.#.#.#. #.....#.
###.....#.


You could see torrenera's ghost.

Vanquished Creatures
  Sigmund (D:3)
  The ghost of Ghella the Ducker, an amateur TrFi (D:4)
  Purgy (D:3)
  A phantom (D:5)
  2 ogres (D:5)
  A centaur (D:5)
  A scorpion (D:5)
  9 wights
  A howler monkey (D:6)
  A bullfrog zombie (D:6)
  A crimson imp (D:6)
  A gnoll shaman (D:5)
  3 hounds
  An orc priest (D:6)
  2 orc wizards (D:6)
  8 worker ants
  A killer bee zombie (D:5)
  A hound skeleton (D:6)
  8 adders
  5 gnolls
  3 worms
  A dart slug (D:2)
  A leopard gecko (D:4)
  10 orcs
  A ball python (D:3)
  6 bats
  6 giant cockroaches
  8 goblins
  4 hobgoblins
  10 jackals
  3 kobolds
  4 quokkas
  4 frilled lizards
  10 rats
121 creatures vanquished.

Notes
Turn   | Place    | Note
-------+----------+-------------------------------------------
     0 | D:1      | Gorglomux the Minotaur Warper began the quest for the Orb.
     0 | D:1      | Reached XP level 1. HP: 18/18 MP: 1/1
   132 | D:1      | Reached XP level 2. HP: 25/25 MP: 3/3
   270 | D:1      | Reached skill level 3 in Axes
   284 | D:1      | Reached skill level 3 in Fighting
   319 | D:1      | Reached XP level 3. HP: 3/31 MP: 4/4
  1174 | D:2      | Found a hazy altar of Hepliaklqana.
  1565 | D:2      | Reached XP level 4. HP: 32/39 MP: 5/5
  1585 | D:2      | Found a hide-covered altar of Uskayaw.
  1627 | D:2      | Reached skill level 3 in Armour
  2073 | D:2      | You fall through a shaft for 2 floors!
  2157 | D:3      | Noticed Purgy
  2687 | D:3      | Noticed Sigmund
  2704 | D:3      | Killed Sigmund
  2704 | D:3      | Reached XP level 5. HP: 43/47 MP: 6/6
  2704 | D:3      | Reached XP level 6. HP: 51/55 MP: 7/7
  2978 | D:3      | Killed Purgy
  3402 | D:4      | Noticed Ghella's ghost (amateur TrFi)
  3413 | D:4      | Killed Ghella's ghost
  3413 | D:4      | Reached XP level 7. HP: 52/62 MP: 8/8
  3872 | D:5      | Entered Level 5 of the Dungeon
  3946 | D:5      | Reached skill level 6 in Fighting
  3946 | D:5      | Reached skill level 6 in Axes
  4286 | D:5      | Reached skill level 6 in Armour
  4425 | D:5      | Reached XP level 8. HP: 50/71 MP: 9/9
  4728 | D:5      | Found Devo's Assorted Antiques.
  4736 | D:5      | Bought a triangular bronze amulet for 130 gold pieces
  4736 | D:5      | Bought a scroll of identify for 52 gold pieces
  4736 | D:5      | Bought a scroll of identify for 52 gold pieces
  4736 | D:5      | Bought a scroll labeled NIACWA IMON for 26 gold pieces
  4736 | D:5      | Bought a smoky red potion for 23 gold pieces
  5417 | D:6      | Noticed torrenera's ghost (novice VSIE)
  5558 | D:6      | Found a shimmering altar of Xom.
  5587 | D:6      | Found a snail-covered altar of Cheibriados.
  5958 | D:6      | Found a white marble altar of Elyvilon.
  6005 | D:6      | Found an ornate altar of the Wu Jian Council.
  6089 | D:6      | Killed from afar by torrenera's ghost

Vault maps used:
D:1:      dpeg_arrival_chase
D:2:      eat_drink_and_be_merry_uskayaw, lemuel_crystal_altar
D:3:      uniq_purgy, uniq_sigmund
D:4:      first_ration
D:5:      serial_shops, shop
D:6:      kennysheep_ying_yang, grunt_temple_overflow_open, basic_altar

Skill      XL: |  1  2  3  4  5  6  7  8 |
---------------+-------------------------+-----
Axes           | 3 4 5 6 8 |  8.4
Armour         | 2 4 5 6 8 |  8.0
Fighting       | 3 4 5 6 8 |  8.4
Throwing       | |  1.0
Dodging        | |  2.1
Spellcasting   | |  1.3
Translocations | |  2.1

Action                   |  1- 3 |  4- 6 |  7- 9 || total
-------------------------+-------+-------+-------++-------
Melee: Hand axe          |    56 |    98 |   326 ||   480
       Headbutt          |     6 |    17 |    50 ||    73
       Unarmed           |       |    10 |       ||    10
  Use: Scroll            |       |     3 |     7 ||    10
       Potion            |       |     1 |       ||     1
  Eat: Chunk             |     2 |     6 |     7 ||    15
Armor: Leather armour    |    12 |    22 |       ||    34
       Skin              |       |     4 |       ||     4
       Troll leather arm |       |     5 |    58 ||    63
Dodge: Dodged            |    58 |    81 |   170 ||   309

Table legend:
 A = Spawn XP
 B = Non-spawn XP
 C = Spawn XP percentage of total XP
 D = Spawn monster count
 E = Non-spawn monster count
 F = Spawn count percentage of total count
 G = Total turns spent on level
                    A         B        C        D         E        F      G
               +---------+---------+-------+---------+---------+-------+---------
         Total |       0 |    2726 |   0.0 |       0 |     121 |   0.0 |  6089
               +---------+---------+-------+---------+---------+-------+---------
           D:1 |       0 |      46 |   0.0 |       0 |      20 |   0.0 |  1047
           D:2 |       0 |      99 |   0.0 |       0 |      27 |   0.0 |  1339
           D:3 |       0 |     418 |   0.0 |       0 |      16 |   0.0 |   855
           D:4 |       0 |     306 |   0.0 |       0 |       5 |   0.0 |   631
           D:5 |       0 |     965 |   0.0 |       0 |      26 |   0.0 |  1348
           D:6 |       0 |     892 |   0.0 |       0 |      27 |   0.0 |   869
               +---------+---------+-------+---------+---------+-------+---------
